 Dungeon Crawl Stone Soup version 0.23-a0-175-g97aacdb306 (webtiles) character file.

20 Holzbalken the Cudgeler (level 2, 0/22 HPs)
             Began as a Demonspawn Gladiator on Sept 16, 2018.
             Slain by a hobgoblin (5 damage)
             ... on level 1 of the Dungeon.
             The game lasted 00:00:45 (162 turns).

Holzbalken the Cudgeler (Demonspawn Gladiator)       Turns: 162, Time: 00:00:45

Health: 0/22       AC:  4    Str: 14    XL:     2   Next: 58%
Magic:  2/2        EV: 12    Int:  9    God:
Gold:   0          SH:  0    Dex: 14    Spells: 1/1 levels left

rFire    . . .     SeeInvis .   a - +0 flail
rCold    . . .     Gourm    .   (no shield)
rNeg     . . .     Faith    .   b - +0 leather armour
rPois    .         Spirit   .   c - +0 helmet
rElec    .         Reflect  .   (no cloak)
rCorr    .         Harm     .   (no gloves)
MR       .....                  (no boots)
Stlth    +.........             (no amulet)
HPRegen  0.07/turn              (no ring)
MPRegen  0.08/turn              (no ring)

@: no status effects
A: spiny 1
a: no special abilities


You were on level 1 of the Dungeon.
You were not hungry.

You visited 1 branch of the dungeon, and saw 1 of its levels.

Inventory:

Hand Weapons
 a - a +0 flail (weapon)
Missiles
 d - 3 throwing nets (quivered)
Armour
 b - a +0 leather armour (worn)
 c - a +0 helmet (worn)
Jewellery
 e - a +3 ring of evasion {unknown}
Comestibles
 f - a ration
 g - a chunk of flesh


   Skills:
 - Level 2.0 Fighting
 + Level 3.6 Maces & Flails
 - Level 1.7 Throwing
 - Level 2.6 Dodging


You had one spell level left.
You didn't know any spells.
Your spell library was empty.

Dungeon Overview and Level Annotations

Branches:
Dungeon (1/15)

Altars:


Innate Abilities, Weirdness & Mutations

You are partially covered in sharp spines.


Message History

e - a steel ring
Found a robe.
A hobgoblin comes into view. It is wielding a club.
The hobgoblin shouts!
You hear a shout!
A goblin comes into view.
The goblin moves out of view.
A hobgoblin comes into view.
The hobgoblin shouts!
The goblin shouts!
A bat comes into view.
The hobgoblin hits you with a club.
The bat moves out of view.
The hobgoblin is struck by your spines. The hobgoblin hits you with a club.
The hobgoblin hits you but does no damage.
The goblin closely misses you. The hobgoblin is struck by your spines.
You kill the hobgoblin!
The goblin is struck by your spines. The goblin hits you.
* * * LOW HITPOINT WARNING * * *
The bat barely misses you. The bat hits you but does no damage.
The goblin closely misses you. The hobgoblin is struck by your spines.
The hobgoblin hits you.
You die...

#.. #.# #.##### ...####
#.....# ...#..# #....$#
.#.#..# #.....# .#.#..#
#.....#####
.#.#..#######...@.[...#
.#.#...........g)g...P.#
.#.#.###########.b..♣♣.#
.#.......... ........
..........## #......#
...≈≈.....# .♣.♣..##
..≈≈≈≈≈...# # .♣###
#.≈≈≈≈≈.### .♣
..≈≈≈≈≈...


You could see a hobgoblin, a goblin and a bat.

Vanquished Creatures
  A leopard gecko (D:1)
  A ball python (D:1)
  4 goblins (D:1)
  A hobgoblin (D:1)
  10 frilled lizards (D:1)
  2 kobolds (D:1)
  A rat (D:1)
20 creatures vanquished.

Notes
Turn   | Place    | Note
-------+----------+-------------------------------------------
     0 | D:1      | Holzbalken the Demonspawn Gladiator began the quest for the
                  | Orb.
     0 | D:1      | Reached XP level 1. HP: 16/16 MP: 1/1
    29 | D:1      | Reached skill level 3 in Maces & Flails
    48 | D:1      | Gained mutation: You are partially covered in sharp spines.
                  | [demonic ancestry]
    48 | D:1      | Reached XP level 2. HP: 11/22 MP: 2/2
   162 | D:1      | Slain by a hobgoblin

Vault maps used:
D:1:      lemuel_arrival_broad_hall, serial_forest,
          infiniplex_forest_clump_cross, infiniplex_forest_lined_room_,
          infiniplex_forest_clump_cross, infiniplex_forest_straight_3,
          infiniplex_forest_lined_3, infiniplex_forest_clump_tiny,
          infiniplex_forest_straight_1, minmay_lizard_pond

Skill      XL: |  1 |
---------------+----+-----
Maces & Flails | 3 |  3.6
Fighting       | |  2.0
Throwing       | |  1.7
Dodging        | |  2.6

Action                   || total
-------------------------++-------
Melee: Flail             ||    23
Armor: Leather armour    ||    12
Dodge: Dodged            ||    40

Table legend:
 A = Non-vault XP
 B = Vault XP
 C = Vault XP percentage of total XP
 D = Non-vault monster count
 E = Vault monster count
 F = Vault count percentage of total count
                 A         B        C        D         E       F
            +---------+---------+-------+---------+---------+-------
      Total |      21 |       8 |  27.6 |      12 |       8 |  40.0
            +---------+---------+-------+---------+---------+-------
        D:1 |      21 |       8 |  27.6 |      12 |       8 |  40.0
            +---------+---------+-------+---------+---------+-------
